 Dungeon Crawl Stone Soup version 0.30-a0-137-gd8773701ce (webtiles) character file.

Game seed: 3393114470668824044

1134 billz999 the Changer (level 8, 0/52 HPs)
             Began as a Vampire Earth Elementalist on Sept 22, 2022.
             Was a Follower of Sif Muna.
             Succumbed to a scorpion's poison
             ... on level 5 of the Dungeon.
             The game lasted 00:16:55 (4879 turns).

billz999 the Changer (Vampire Earth Elementalist)   Turns: 4879, Time: 00:16:55

Health: 0/52       AC:  6    Str:  7    XL:     8   Next: 14%
Magic:  11/14      EV: 12    Int: 19    God:    Sif Muna [*.....]
Gold:   236        SH:  0    Dex: 15    Spells: 11/15 levels left

rFire   . . .      SeeInvis +    D - staff of earth
rCold   . . .      Faith    .    (no shield)
rNeg    . . .      Spirit   .    a - +0 robe
rPois   .          Reflect  .    (no helmet)
rElec   .          Harm     .    (no cloak)
rCorr   .          Rampage  .    e - +1 pair of gloves
Will    .....                    (no boots)
Stlth   +++.......               (no amulet)
HPRegen 0.37/turn                (no ring)
MPRegen 0.14/turn                (no ring)

@: lethally poisoned (0 -> -2), healing quickly
A: alive, fangs 3, see invisible, vampiric 2, iridescent scales 1, mutation
resistance 1
a: Exsanguinate, Renounce Religion, Channel Magic


You were on level 5 of the Dungeon.
You worshipped Sif Muna.
Sif Muna was aware of your devotion.
You visited 2 branches of the dungeon, and saw 6 of its levels.

You collected 236 gold pieces.

Inventory:

Hand Weapons
 d - a +0 short sword
 h - a +0 whip of draining
 l - a +1 short sword of protection
 o - a +0 dagger of speed
 u - a +0 flail of protection
 x - a +0 whip of venom
Armour
 a - a +0 robe (worn)
 e - a +1 pair of gloves (worn)
Magical Staves
 B - a staff of air
 D - a staff of earth (weapon)
Jewellery
 y - an amulet of regeneration
Scrolls
 c - 4 scrolls of identify
 i - a scroll of enchant armour
 k - a scroll of noise {unknown}
 p - 4 scrolls of teleportation
 r - a scroll of amnesia {unknown}
 s - a scroll of fear {unknown}
 v - a scroll of fog {unknown}
 A - a scroll of silence {unknown}
 C - a scroll of enchant weapon {unknown}
 E - a scroll of immolation {unknown}
Potions
 b - a potion of magic
 f - 3 potions of curing
 g - 2 potions of mutation
 n - a potion of flight {unknown}
 q - a potion of degeneration {unknown}
 t - a potion of berserk rage {unknown}
 w - a potion of attraction


   Skills:
 - Level 2.1 Dodging
 - Level 3.9 Stealth
 + Level 4.4 Spellcasting
 * Level 6.5 Transmutations
 + Level 5.2 Earth Magic
 + Level 3.4 Poison Magic


You had 11 spell levels left.
You knew the following spells:

 Your Spells              Type           Power      Damage    Failure   Level
a - Sandblast             Erth           72%        2d16      1%          1
b - Spider Form           Tmut/Pois      23%        N/A       4%          3

Your spell library contained the following spells:

 Spells                   Type           Power      Damage    Failure   Level
 Beastly Appendage        Tmut           58%        N/A       1%          1
 Passwall                 Tmut/Erth      32%        N/A       1%          2
 Wereblood                Tmut           29%        N/A       1%          2
 Petrify                  Tmut/Erth      39%        N/A       12%         4
 Magic Dart               Conj           16%        1d3       13%         1
 Stone Arrow              Conj/Erth      42%        3d9       14%         3
 Searing Ray              Conj           8%         2d4       21%         2
 Dazzling Flash           Conj/Hex       8%         N/A       36%         3
 Animate Armour           Summ/Erth      42%        N/A       41%         4
 Fulminant Prism          Conj/Hex       2%         3d6       78%         4
 Agony                    Necr           4%         N/A       98%         5
 Silence                  Hex/Air        2%         N/A       98%         5
 Lehudib's Crystal Spear  Conj/Erth      10%        10d4      100%        8


Dungeon Overview and Level Annotations

Branches:
Dungeon (5/15)             Temple (1/1) D:4

Altars:
Dithmenos
Fedhas
Gozag
Hepliaklqana
Makhleb
Qazlal
Sif Muna
Uskayaw
Wu Jian
Xom
Yredelemnul

Shops:
D:5 *


Innate Abilities, Weirdness & Mutations

Your natural rate of healing is accelerated.
You have razor-sharp teeth.
You have supernaturally acute eyesight. (SInv)
You are afflicted with vampirism and can become a bat while bloodless.
You are partially covered in iridescent scales. (AC +2)
You are somewhat resistant to further mutation.


Message History

Aim: an iguana (almost dead, 86% to hit)
You feel a surge of power!
The blast of sand hits the iguana!
You kill the iguana!
Sif Muna accepts your kill. The jackal bites you. The scorpion stings you.
* * * LOW HITPOINT WARNING * * *
You are poisoned.
The scorpion poisons you! The jackal completely misses you.
The scorpion misses you.
Your magical effects are unravelling.
You feel magically purged.
You feel sick. The jackal closely misses you.
The scorpion completely misses you. The jackal completely misses you.
You feel less attractive to monsters.
Okay, then.
Casting: Sandblast (safe; 1% risk of failure)
Confirm with . or Enter, or press ? or * to list all spells.
Aiming: Sandblast (safe; 1% risk of failure)
Press: ? - help, Shift-Dir - straight line, f - scorpion
Aim: a scorpion (heavily wounded, 84% to hit)
You feel a surge of power!
The blast of sand hits the scorpion but does no damage.
The scorpion is heavily wounded.
* * * LOW HITPOINT WARNING * * *
You feel very sick.
The scorpion stings you but does no damage.
The jackal barely misses you. The scorpion stings you.
* * * LOW HITPOINT WARNING * * *
The jackal bites you.
* * * LOW HITPOINT WARNING * * *
Okay, then.
Okay, then.
As you read the scroll labelled ORALER QILEB, it crumbles to dust.
It is a scroll of identify.
p - 4 scrolls of teleportation
* * * LOW HITPOINT WARNING * * *
You feel sick. The scorpion closely misses you. The jackal barely misses you.
As you read the scroll labelled TITILE WAICVI, it crumbles to dust.
It is a scroll of enchant armour.
Your +0 pair of gloves glows green for a moment.
You die...

# .## ####..##
######......# .
#@†.#?......# .<.##
#hs........#
......#.#.......## .
.......)#...†....##.#
.#..#..#).##.........
.. #.###†#..##.)....
#...oo..#...#......
#.......##..).....#
#...)...##..###.###.


You could see a scorpion and a jackal.

Vanquished Creatures
  2 ice beasts (D:5)
  A centaur (D:5)
  2 ogres
  A necrophage (D:4)
  A scorpion (D:5)
  A hound (D:4)
  3 jellies
  4 iguanas (D:5)
  6 orc wizards
  5 adders
  A shadow imp (D:3)
  An ufetubus (D:5)
  3 worms
  A dart slug (D:4)
  21 orcs
  8 bats
  6 endoplasms
  2 giant cockroaches
  10 goblins
  16 hobgoblins
  8 jackals
  9 quokkas
  3 ball pythons
  A frilled lizard (D:2)
  8 kobolds
  7 rats
131 creatures vanquished.

Notes
Turn   | Place    | Note
-------+----------+-------------------------------------------
     0 | D:1      | billz999 the Vampire Earth Elementalist began the quest for
                  | the Orb.
     0 | D:1      | Reached XP level 1. HP: 13/13 MP: 3/3
   303 | D:1      | Reached XP level 2. HP: 19/19 MP: 1/5
  1102 | D:2      | Gained mutation: You are afflicted with vampirism and can
                  | become a bat while bloodless. [Vampire growth]
  1102 | D:2      | Reached XP level 3. HP: 24/24 MP: 0/6
  1113 | D:2      | Reached skill level 2 in Transmutations
  1122 | D:2      | Learned a level 3 spell: Spider Form
  1697 | D:2      | Found a faded altar of an unknown god.
  1700 | D:2      | Reached XP level 4. HP: 30/30 MP: 5/7
  2226 | D:2      | Reached skill level 3 in Transmutations
  2226 | D:2      | Reached skill level 1 in Poison Magic
  2340 | D:3      | Found an opulent altar of Gozag.
  2487 | D:3      | Reached XP level 5. HP: 29/35 MP: 6/9
  2790 | D:3      | Found a stormy altar of Qazlal.
  3007 | D:3      | Noticed an ogre
  3010 | D:3      | Killed an ogre
  3011 | D:3      | Reached skill level 4 in Transmutations
  3011 | D:3      | Reached XP level 6. HP: 41/41 MP: 7/10
  3058 | D:3      | Found a basalt altar of Yredelemnul.
  3253 | D:4      | Found a staircase to the Ecumenical Temple.
  3266 | Temple   | Entered the Ecumenical Temple
  3470 | Temple   | Became a worshipper of Sif Muna the Loreminder
  3896 | D:4      | Found a hazy altar of Hepliaklqana.
  4108 | D:4      | Found a shadowy altar of Dithmenos.
  4254 | D:5      | Entered Level 5 of the Dungeon
  4257 | D:5      | Reached skill level 5 in Transmutations
  4257 | D:5      | Reached XP level 7. HP: 46/46 MP: 9/12
  4292 | D:5      | Found Suboaxt's Neck Hole.
  4636 | D:5      | Reached skill level 6 in Transmutations
  4636 | D:5      | Reached skill level 5 in Earth Magic
  4641 | D:5      | Reached XP level 8. HP: 13/52 MP: 10/14
  4776 | D:5      | Reached * piety under Sif Muna
  4869 | D:5      | Gained mutation: You are somewhat resistant to further
                  | mutation. [potion of mutation]
  4869 | D:5      | Gained mutation: You are partially covered in iridescent
                  | scales. (AC +2) [potion of mutation]
  4877 | D:5      | HP: 2/52 [jackal (3)]
  4879 | D:5      | Succumbed to a scorpion's poison

Illustrated notes

Levels and vault maps discovered:
D:1:      dpeg_arrival_rooms_a, layout_loops_ring
D:2:      cheibrodos_greedy_goblins, layout_basic,
          hellmonk_ecumenical_altar_slurped_away, basic_altar,
          kennysheep_generic_room_6
D:3:      layout_basic, mainiacjoe_overflow_alcove_2, tso_oasis_becter,
          nicolae_gozag_cash_rules_everything_around_me,
          amethyst_overflow_temple_binary, serial_bayou_pond_d
D:4:      layout_rooms, mainiacjoe_overflow_paths, kennysheep_mini_moat,
          minmay_temple_entry_glassed_door, serial_forest,
          infiniplex_forest_lined_corner, infiniplex_forest_lined_2,
          infiniplex_forest_zigzag_2, infiniplex_forest_straight_3,
          infiniplex_forest_straight_2, grunt_decor_fettered
D:5:      layout_cave_pools, tgw_kikubaaqudgha,
          nicolae_shop_sticking_my_neck_out
Temple:   nicolae_temple_bog_church

Skill      XL: |  1  2  3  4  5  6  7 |
---------------+----------------------+-----
Transmutations | 2 3 4 5 6 |  6.5
Poison Magic   | 1 2 3 |  3.4
Spellcasting   | 3 4 |  4.4
Earth Magic    | 4 5 |  5.2
Dodging        | |  2.1
Stealth        | |  3.9

Action                   |  1- 3 |  4- 6 |  7- 9 || total
-------------------------+-------+-------+-------++-------
Melee: Unarmed           |     6 |    28 |    46 ||    80
       Bite              |     5 |       |       ||     5
       Short sword       |    38 |    12 |       ||    50
       Staff             |       |       |     2 ||     2
 Cast: Sandblast         |    67 |    91 |    28 ||   186
       Spider Form       |       |     3 |     4 ||     7
Evoke: Wand              |       |       |     1 ||     1
  Use: Potion            |     1 |       |     6 ||     7
       Scroll            |       |       |     2 ||     2
 Stab: Sleeping          |     1 |     2 |       ||     3
Armor: Robe              |    19 |    10 |     5 ||    34
       Skin              |       |     1 |     5 ||     6
Dodge: Dodged            |    49 |    55 |    83 ||   187

Table legend: (Time is in decaauts)
 A = Elapsed time spent in this place.
 B = Non-inter-level travel time spent in this place.
 C = Inter-level travel time spent in this place.
 D = Time resting spent in this place.
 E = Time spent auto-exploring this place.
 F = Levels seen in this place.
 G = Mean time per level.
                   A        B        C        D        E       F      G
               +--------+--------+--------+--------+--------+-----+--------+
         Total |   4980 |   4576 |    404 |    461 |   3298 |   6 |  830.0 |
       Dungeon |   4740 |   4409 |    331 |    461 |   3141 |   5 |  948.0 |
        Temple |    240 |    167 |     73 |      0 |    157 |   1 |  240.0 |
               +--------+--------+--------+--------+--------+-----+--------+

Top non-repeatable levels by time:
     D:2: 1169 daAuts
     D:1: 1082 daAuts
     D:3: 1046 daAuts
     D:4: 802 daAuts
     D:5: 639 daAuts
  Temple: 240 daAuts
